[Event "*** SCC Grand Prix: Titled Tuesday Blitz"]
[Site "Chess.com"]
[Date "2020.06.23"]
[Round "4"]
[White "CyberneticLion"]
[Black "temus_galaktionov"]
[Result "0-1"]
[WhiteElo "2448"]
[BlackElo "2695"]
[TimeControl "180+1"]
[EndTime "10:36:52 PDT"]
[Termination "temus_galaktionov won by resignation"]

1. e4 c6 2. d4 g6 3. Nc3 Bg7 4. Bf4 d6 5. Qd2 Nd7 6. O-O-O e5 7. dxe5 dxe5 8. Be3 Ngf6 9. f3 O-O 10. Bh6 Qa5 11. Bxg7 Kxg7 12. Kb1 b5 13. h4 h6 14. g4 Nh7 15. g5 h5 16. f4 b4 17. Nce2 Nc5 18.
fxe5 Be6 19. b3 Rfd8 20. Qc1 Nxe4 21. Nh3 Qxe5 22. Nhf4 Nf2 23. Nd3 Rxd3 24. Rxd3 Nxh1 25. Qe1 Bf5 26. Rf3 Re8 0-1

[Event "*** SCC Grand Prix: Titled Tuesday Blitz"]
[Site "Chess.com"]
[Date "2020.06.23"]
[Round "4"]
[White "Philosopherrr"]
[Black "hectorfiori"]
[Result "1-0"]
[WhiteElo "2481"]
[BlackElo "2320"]
[TimeControl "180+1"]
[EndTime "10:36:53 PDT"]
[Termination "Philosopherrr won by resignation"]

1. e4 c5 2. Nf3 e6 3. d4 cxd4 4. Nxd4 Nf6 5. Nc3 Bb4 6. Bd3 e5 7. Nb3 d5 8. exd5 Nxd5 9. O-O Nc6 10. Nxd5 Qxd5 11. c3 Be7 12. Be3 Be6 13. Qc2 Qd7 14.
Rad1 Qc7 15. Bf5 Bxf5 16. Qxf5 O-O 17. Rd7 Qc8 18. Rfd1 Bf6 19. Nc5 b6 20. Ne4 Ne7 21.
Nxf6+ gxf6 22. Qxf6 Ng6 23. Bh6 1-0

[Event "*** SCC Grand Prix: Titled Tuesday Blitz"]
[Site "Chess.com"]
[Date "2020.06.23"]
[Round "4"]
[White "dpruess"]
[Black "LiverpooL174"]
[Result "0-1"]
[WhiteElo "2478"]
[BlackElo "2678"]
[TimeControl "180+1"]
[EndTime "10:36:57 PDT"]
[Termination "LiverpooL174 won by resignation"]

1. e4 c6 2. d4 d5 3. f3 Qb6 4.
Nc3 dxe4 5. fxe4 e5 6. Nf3 exd4 7. Qxd4 Qxd4 8. Nxd4 Bc5 9. Nf5 Bxf5 10. exf5 Nf6 11.
Bg5 Nbd7 12. O-O-O O-O 13. Bc4 h6 14. Bh4 Rfe8 15.
Rhe1 b5 16. Bb3 a5 17. a3 a4 18. Ba2 Kf8 19. h3 Rxe1 20. Rxe1 Re8 21. Kd2 Rxe1 22. Bxe1 Bd6 23. g4 Ne5 24. Ke3 Bc5+ 25. Ke2 Ke7 26. Bg3 Ned7 27. Kd3 Bg1 28. Ne4 Nxe4 29. Kxe4 Nc5+ 30. Kf3 Bd4 31. c3 Bf6 32. Bb1 Nb3 33. Bf4 Bg5 34. Be4 Kd7 35. Be5 Nd2+ 0-1

[Event "*** SCC Grand Prix: Titled Tuesday Blitz"]
[Site "Chess.com"]
[Date "2020.06.23"]
[Round "4"]
[White "timator"]
[Black "JiiHart"]
[Result "1-0"]
[WhiteElo "2541"]
[BlackElo "2171"]
[TimeControl "180+1"]
[EndTime "10:36:58 PDT"]
[Termination "timator won by resignation"]

1. Nf3 Nf6 2. d4 e6 3. c4 c5 4. Nc3 cxd4 5. Nxd4 Nc6 6. g3 a6 7. Bg2 Be7 8. O-O O-O 9. b3 Qc7 10. Bb2 d6 11. Rc1 Nxd4 12. Qxd4 Qc5 13. Qxc5 dxc5 14.
Na4 Nd7 15. Rfd1 Rb8 16. Ba3 b6 17. Rd2 Bg5 18. e3 Bf6 19. Rcd1 b5 20. Nxc5 Nxc5 21. Bxc5 1-0

[Event "*** SCC Grand Prix: Titled Tuesday Blitz"]
[Site "Chess.com"]
[Date "2020.06.23"]
[Round "4"]
[White "killer311"]
[Black "bait_or_mate"]
[Result "0-1"]
[WhiteElo "2404"]
[BlackElo "2620"]
[TimeControl "180+1"]
[EndTime "10:37:00 PDT"]
[Termination "bait_or_mate won by resignation"]

1. d4 Nf6 2. c4 e6 3. Nc3 Bb4 4. e3 O-O 5. Bd2 d5 6. Nf3 b6 7.
cxd5 exd5 8. Bd3 a6 9. Rc1 Nbd7 10. O-O Bd6 11. e4 dxe4 12. Nxe4 Be7 13. Bf4 Nd5 14. Bg3 Bb7 15. Re1 Re8 16. a3 Rc8 17. Qb3 N7f6 18.
Ne5 Nxe4 19. Bxe4 Bf6 20. Nc6 Bxc6 21. Rxc6 Bxd4 22. Qd3 Nf6 23. h3 Nxe4 24. Rc4 Bxf2+ 0-1

[Event "*** SCC Grand Prix: Titled Tuesday Blitz"]
[Site "Chess.com"]
[Date "2020.06.23"]
[Round "4"]
[White "Efremov_Vlad"]
[Black "Makswolf200817"]
[Result "0-1"]
[WhiteElo "2202"]
[BlackElo "2407"]
[TimeControl "180+1"]
[EndTime "10:37:01 PDT"]
[Termination "Makswolf200817 won by resignation"]

1. c4 e5 2. g3 g6 3. Bg2 Bg7 4. Nc3 Nc6 5. d3 d6 6. e4 f5 7. Nge2 Nf6 8. O-O O-O 9. Be3 Ng4 10. Bd2 h6 11. h3 Nf6 12. Be3 g5 13. exf5 Bxf5 14. d4 e4 15. g4 Bg6 16. Ng3 Qe7 17.
Re1 Rae8 18. Qb3 Nd8 19. d5 b6 20. Bd4 Qf7 21. Qc2 Nb7 22. Ncxe4 Nxe4 23. Nxe4 Bxd4 0-1

[Event "*** SCC Grand Prix: Titled Tuesday Blitz"]
[Site "Chess.com"]
[Date "2020.06.23"]
[Round "4"]
[White "kidagent"]
[Black "juniortay"]
[Result "0-1"]
[WhiteElo "2202"]
[BlackElo "2407"]
[TimeControl "180+1"]
[EndTime "10:37:04 PDT"]
[Termination "juniortay won by resignation"]

1. e4 e5 2. Nf3 Nf6 3. Nc3 Nc6 4. Bb5 Nd4 5. O-O Bc5 6. d3 O-O 7. Nxe5 c6 8. Bc4 d5 9. exd5 cxd5 10. Bb3 Re8 11. Bf4 Bd6 12. Re1 Qc7 13. Nxf7 Bxf4 14. Nxd5 Nxd5 15. Rxe8+ Kxf7 16. Qh5+ g6 17. Qxd5+ Kxe8 18. Qxd4 Qe5 19. Ba4+ Kf8 20. Qc4 Be6 21. Qb4+ Kg7 22.
Qc4 Bxc4 0-1

[Event "*** SCC Grand Prix: Titled Tuesday Blitz"]
[Site "Chess.com"]
[Date "2020.06.23"]
[Round "4"]
[White "grandcoach"]
[Black "Bubar"]
[Result "1-0"]
[WhiteElo "2096"]
[BlackElo "2250"]
[TimeControl "180+1"]
[EndTime "10:37:04 PDT"]
[Termination "grandcoach won by resignation"]

1. e4 e6 2. Nf3 d5 3. e5 c5 4. b4 cxb4 5. a3 Nc6 6. axb4 Bxb4 7. c3 Ba5 8. d4 f5 9. g4 Nge7 10. Rg1 f4 11. Bd3 O-O 12. h4 Bd7 13. h5 Rc8 14. Kf1 h6 15. Bc2 Be8 16. Qd3 g6 17. g5 Nf5 18. gxh6 Kh7 19. Ng5+ Kxh6 20. Nxe6 Qe7 21. Bxf4+ Kh7 22. Nxf8+ Qxf8 23. hxg6+ Bxg6 24. Qh3+ Kg7 25. Bxf5 1-0

[Event "*** SCC Grand Prix: Titled Tuesday Blitz"]
[Site "Chess.com"]
[Date "2020.06.23"]
[Round "4"]
[White "szachuspl"]
[Black "goldaxe"]
[Result "0-1"]
[WhiteElo "2572"]
[BlackElo "2317"]
[TimeControl "180+1"]
[EndTime "10:37:05 PDT"]
[Termination "goldaxe won by resignation"]

1. d4 Nf6 2. c4 g6 3. Nc3 d5 4. Nf3 Bg7 5. Bf4 c5 6. e3 cxd4 7. Nxd4 O-O 8. Rc1 dxc4 9. Bxc4 Bd7 10. O-O Nc6 11. Nxc6 Bxc6 12. Qb3 Qa5 13. h3 Rac8 14. a3 Ne4 15. Nxe4 Bxe4 16. Bxf7+ Kh8 17. Be6 Rxc1 18. Rxc1 Qd2 19. Rc8 Rxc8 20. Bxc8 Qc1+ 21. Kh2 Qxc8 22. Qa4 Bc6 23. Qxa7 Bxb2 24. Qc5 Bf6 25. Bg3 Qf5 26. Qb6 Qd5 27. f3 Be5 28. e4 Qd6 29. Bxe5+ Qxe5+ 30.
Kg1 Qa1+ 31. Kh2 Qxa3 32. Qd8+ Kg7 33. h4 Qd6+ 34. Qxd6 exd6 0-1

[Event "*** SCC Grand Prix: Titled Tuesday Blitz"]
[Site "Chess.com"]
[Date "2020.06.23"]
[Round "4"]
[White "Julianos82"]
[Black "sasko1234"]
[Result "0-1"]
[WhiteElo "2239"]
[BlackElo "2427"]
[TimeControl "180+1"]
[EndTime "10:37:05 PDT"]
[Termination "sasko1234 won by resignation"]

1. d4 Nf6 2. Nf3 d6 3. c4 Bg4 4.
Nc3 Nbd7 5. Bg5 e5 6. dxe5 dxe5 7. Qa4 c6 8. O-O-O Qc7 9. g3 Bf5 10. Nh4 Nc5 11. Nxf5 Nxa4 12. Nxa4 Ne4 13. Bh3 Nxg5 14. Rd3 Nxh3 0-1

[Event "*** SCC Grand Prix: Titled Tuesday Blitz"]
[Site "Chess.com"]
[Date "2020.06.23"]
[Round "4"]
[White "Kapitan_Bayan"]
[Black "MacDaddyMac"]
[Result "0-1"]
[WhiteElo "2440"]
[BlackElo "2266"]
[TimeControl "180+1"]
[EndTime "10:37:07 PDT"]
[Termination "MacDaddyMac won by resignation"]

1. d4 e6 2. Nf3 d5 3. c4 Nf6 4.
Nc3 e5 5. dxe5 Ne4 6. Nxe4 dxe4 7. Qxd8+ Kxd8 8. Ng5 Be6 9. Nxe6+ fxe6 10. Bg5+ Be7 11. O-O-O+ Nd7 12. Bf4 g5 13. Bg3 h5 14. h4 g4 15. f3 exf3 16. gxf3 gxf3 17. exf3 Rg8 18. Bh2 Bxh4 19. Bh3 Ke7 20. Rhg1 Bf2 21. Rxg8 Be3+ 22.
Kc2 Rxg8 23. Kd3 Bf2 24. Rf1 Bg3 25. Bg1 Nxe5+ 26. Ke4 Nxc4 27. b3 Nd2+ 0-1

[Event "*** SCC Grand Prix: Titled Tuesday Blitz"]
[Site "Chess.com"]
[Date "2020.06.23"]
[Round "4"]
[White "MuhittinBuker"]
[Black "Mbneu"]
[Result "1-0"]
[WhiteElo "1905"]
[BlackElo "2184"]
[TimeControl "180+1"]
[EndTime "10:37:10 PDT"]
[Termination "MuhittinBuker won by resignation"]

1. d4 Nf6 2. c4 c5 3. d5 e6 4. Nc3 exd5 5. cxd5 d6 6. Nf3 g6 7. e4 Bg7 8. Bd3 O-O 9. O-O b5 10. Nxb5 Re8 11. Re1 Bg4 12. h3 Bxf3 13. Qxf3 Qb6 14. Nc3 Nbd7 15. Qe2 Ne5 16. Bb5 Re7 17.
Be3 a6 18. Ba4 Rb8 19. Rab1 Qb4 20. Bc2 Nc4 21. a3 Nxa3 22. bxa3 1-0

[Event "*** SCC Grand Prix: Titled Tuesday Blitz"]
[Site "Chess.com"]
[Date "2020.06.23"]
[Round "4"]
[White "dretch"]
[Black "doons21"]
[Result "1-0"]
[WhiteElo "2786"]
[BlackElo "2544"]
[TimeControl "180+1"]
[EndTime "10:37:12 PDT"]
[Termination "dretch won by checkmate"]

1. d4 Nf6 2. c4 g6 3. Nc3 Bg7 4. e4 O-O 5. Nf3 d6 6. h3 Nbd7 7. Bg5 e5 8. Bd3 exd4 9. Nxd4 Nc5 10. O-O c6 11. Bc2 Qb6 12. Nb3 Nxb3 13. axb3 Re8 14.
Qxd6 Nd7 15. Be3 Qd8 16. f4 Qh4 17. e5 Bf8 18. Qd2 Nc5 19. b4 Ne6 20. Ne4 Be7 21. c5 Rd8 22. Nd6 b6 23. f5 gxf5 24. Rxf5 bxc5 25.
Raf1 Nd4 26. Rxf7 Be6 27. Rxh7 Qg3 28. Bxd4 Bxd6 29. Rh8+ Kxh8 30. Qh6+ Kg8 31. Qh7# 1-0

[Event "*** SCC Grand Prix: Titled Tuesday Blitz"]
[Site "Chess.com"]
[Date "2020.06.23"]
[Round "4"]
[White "ValeriyGrinev"]
[Black "Omk124"]
[Result "1-0"]
[WhiteElo "2551"]
[BlackElo "2385"]
[TimeControl "180+1"]
[EndTime "10:37:13 PDT"]
[Termination "ValeriyGrinev won by resignation"]

1. c4 Nf6 2. Nc3 g6 3. g3 Bg7 4. Bg2 O-O 5. d3 d6 6. Bg5 e5 7.
Qd2 Re8 8. h4 h5 9. e4 Nc6 10.
Nge2 Bd7 11. O-O Nd4 12. Nxd4 exd4 13. Nd5 c6 14. Nxf6+ Bxf6 15. f4 Bg4 16. Rf2 Bxg5 17. fxg5 Re7 18. Kh2 Qb6 19. Raf1 a5 20. Bh3 Bxh3 21.
Kxh3 Qb4 22. Qf4 Rae8 23. a3 Qc5 24. Qf6 Qe5 25. Qf3 Qe6+ 26. Kh2 Rb8 27. Rc1 c5 28. a4 Qd7 29. b3 Rf8 30. Qg2 Re6 31. Rcf1 Qe7 32. g4 hxg4 33. Qxg4 Re5 34. Rf6 Re6 35. h5 Rxf6 36. gxf6 Qe6 37. Qxe6 fxe6 38. hxg6 e5 39. Kg3 Rb8 40. Kg4 Rc8 41. Kf5 Rc6 42. Rh1 Rc8 43. f7+ Kg7 44. Rh7+ 1-0

[Event "*** SCC Grand Prix: Titled Tuesday Blitz"]
[Site "Chess.com"]
[Date "2020.06.23"]
[Round "4"]
[White "2346PL"]
[Black "Camels1981"]
[Result "0-1"]
[WhiteElo "2447"]
[BlackElo "2327"]
[TimeControl "180+1"]
[EndTime "10:37:14 PDT"]
[Termination "Camels1981 won by resignation"]

1. d4 Nf6 2. Bg5 Ne4 3. Bf4 d5 4. f3 Nd6 5. e4 dxe4 6. Nc3 Bf5 7. g4 Bg6 8. Bg2 e3 9. Qe2 e6 10. h4 h5 11. O-O-O c6 12. Bxe3 Nd7 13. Nh3 Nb6 14. Nf4 Bh7 15. Nxh5 Nbc4 16. Bf2 Qb6 17. b3 Qa5 18. Na4 b5 19. Be1 Qa6 20. Ng3 bxa4 21. bxc4 Nxc4 22. Bf1 Ba3+ 23. Kb1 Qb5+ 0-1

[Event "*** SCC Grand Prix: Titled Tuesday Blitz"]
[Site "Chess.com"]
[Date "2020.06.23"]
[Round "4"]
[White "HunterBRR"]
[Black "Gerasimenyuk_Miha"]
[Result "0-1"]
[WhiteElo "2090"]
[BlackElo "2323"]
[TimeControl "180+1"]
[EndTime "10:37:15 PDT"]
[Termination "Gerasimenyuk_Miha won by resignation"]

1. d4 d5 2. c4 Nf6 3. cxd5 Nxd5 4. e4 Nb6 5. Nc3 e5 6. Be3 Bb4 7. Nf3 exd4 8. Qxd4 Bxc3+ 9. Qxc3 O-O 10. Rd1 N8d7 11. Bd3 c6 12. O-O Qc7 13. Nd4 Ne5 14. Nb5 Qb8 15.
Nxa7 Nxd3 16. Bxb6 Nf4 17. Qe3 Ng6 18. Nxc8 Qxc8 19.
a3 Re8 20. f3 Ne5 21. Qd4 Qe6 22. Rd2 Nc4 23. Rdd1 h5 24. Rfe1 h4 25. Bc5 h3 26.
g3 Ne5 27. Kf2 Qf6 28. Qe3 Ng4+ 0-1

[Event "*** SCC Grand Prix: Titled Tuesday Blitz"]
[Site "Chess.com"]
[Date "2020.06.23"]
[Round "4"]
[White "SHIVACalypso"]
[Black "Aygehovit1992"]
[Result "0-1"]
[WhiteElo "2356"]
[BlackElo "2676"]
[TimeControl "180+1"]
[EndTime "10:37:21 PDT"]
[Termination "Aygehovit1992 won by checkmate"]

1. Nf3 g6 2. c4 Bg7 3. g3 e5 4. Nc3 Nc6 5. Bg2 f5 6. d3 Nf6 7. O-O O-O 8. Rb1 a5 9. a3 d6 10. b4 axb4 11. axb4 h6 12. b5 Ne7 13. Bb2 g5 14. Ra1 Rb8 15. Nd2 f4 16. Qb3 Kh8 17. Nde4 Nf5 18. Nxf6 Qxf6 19. Nd5 Qf7 20. Ra7 Nd4 21.
Bxd4 exd4 22. Nb4 Bg4 23. Bd5 Qh5 24. f3 Bh3 25. g4 Qh4 26. Rf2 h5 27. gxh5 g4 28.
fxg4 Qxg4+ 29. Kh1 Qh4 30. Kg1 Bh6 31. Rg2 f3 32. Bxf3 Qe1# 0-1

[Event "*** SCC Grand Prix: Titled Tuesday Blitz"]
[Site "Chess.com"]
[Date "2020.06.23"]
[Round "4"]
[White "Piotrek1979"]
[Black "vovachesss"]
[Result "0-1"]
[WhiteElo "2346"]
[BlackElo "2599"]
[TimeControl "180+1"]
[EndTime "10:37:24 PDT"]
[Termination "vovachesss won by checkmate"]

1. Nf3 d5 2. g3 c6 3. Bg2 Bg4 4.
O-O Nd7 5. d4 Ngf6 6. Nbd2 e6 7.
b3 Bd6 8. Bb2 O-O 9. Re1 Qe7 10.
e4 dxe4 11. Nxe4 Ba3 12. Bxa3 Qxa3 13. Qd2 Rfd8 14. Nxf6+ Nxf6 15. Ne5 Bf5 16. Nc4 Qe7 17. Ne3 Bg6 18. Rad1 Rd7 19. c4 Rad8 20. Qb2 Qb4 21. Bf3 Rxd4 22. Rxd4 Qxe1+ 23. Kg2 Rxd4 24. Qxd4 h6 25.
Qxa7 Ne4 26. Ng4 Nd2 27. Qe3 Qf1# 0-1

[Event "*** SCC Grand Prix: Titled Tuesday Blitz"]
[Site "Chess.com"]
[Date "2020.06.23"]
[Round "4"]
[White "icychess54"]
[Black "Alexandercs432"]
[Result "1-0"]
[WhiteElo "2318"]
[BlackElo "2090"]
[TimeControl "180+1"]
[EndTime "10:37:26 PDT"]
[Termination "icychess54 won on time"]

1. c4 Nf6 2. Nf3 e6 3. e3 d5 4. Nc3 Be7 5. Be2 O-O 6. O-O c5 7. cxd5 Nxd5 8. a3 Nc6 9. Qc2 Nxc3 10. dxc3 Qc7 11. b3 b6 12. Bb2 Bf6 13. c4 Bxb2 14.
Qxb2 Bb7 15. Rfd1 Rfd8 16. h4 Rxd1+ 17. Rxd1 Rd8 18. h5 Rxd1+ 19. Bxd1 h6 20. Qe2 Qd6 21. Bc2 a5 22. Bb1 Ne5 23. Nxe5 Qxe5 24. Qd3 Qf6 25. Qd7 1-0

[Event "*** SCC Grand Prix: Titled Tuesday Blitz"]
[Site "Chess.com"]
[Date "2020.06.23"]
[Round "4"]
[White "pavlitas17"]
[Black "mr65"]
[Result "1-0"]
[WhiteElo "2317"]
[BlackElo "2087"]
[TimeControl "180+1"]
[EndTime "10:37:26 PDT"]
[Termination "pavlitas17 won by resignation"]

1. d4 Nf6 2. c4 g6 3. Nf3 Bg7 4. Nc3 O-O 5. e4 d6 6. Be2 Na6 7. O-O e5 8. Be3 Ng4 9. Bg5 Qe8 10. dxe5 dxe5 11. a3 h6 12. Bd2 f5 13. Rc1 c6 14.
b4 Nc7 15. Re1 Ne6 16. h3 fxe4 17. Nxe4 Nf6 18. Nd6 Qe7 19. Nxc8 Raxc8 20. Nxe5 Ne4 21.
Bf3 Nxd2 22. Qxd2 Rcd8 23. Qe3 Qf6 24. Ng4 1-0

[Event "*** SCC Grand Prix: Titled Tuesday Blitz"]
[Site "Chess.com"]
[Date "2020.06.23"]
[Round "4"]
[White "Lenyas66"]
[Black "LuckIsMySkill"]
[Result "0-1"]
[WhiteElo "2508"]
[BlackElo "2717"]
[TimeControl "180+1"]
[EndTime "10:37:28 PDT"]
[Termination "LuckIsMySkill won by resignation"]

1. e4 g6 2. d4 Bg7 3. Nc3 a6 4. Be3 b5 5. Nf3 d6 6. Bd3 Bb7 7. Qd2 Nd7 8. O-O-O c5 9. dxc5 Nxc5 10. Bxc5 dxc5 11.
e5 Bh6 12. Ng5 c4 13. Qf4 Bxg5 14. Qxg5 cxd3 15. Rxd3 Qb6 16. Rhd1 Qxf2 17. Nd5 Rc8 18. R3d2 Qc5 19. c3 b4 20. Nxb4 Nf6 21. Nd3 Qa5 22.
Qh6 Ne4 23. Re2 Nxc3 24. bxc3 Qxc3+ 25. Kb1 Be4 0-1

[Event "*** SCC Grand Prix: Titled Tuesday Blitz"]
[Site "Chess.com"]
[Date "2020.06.23"]
[Round "4"]
[White "DenisQ"]
[Black "Savva09022009"]
[Result "1/2-1/2"]
[WhiteElo "2636"]
[BlackElo "2448"]
[TimeControl "180+1"]
[EndTime "10:37:28 PDT"]
[Termination "Game drawn by repetition"]

1. Nf3 Nf6 2. c4 e6 3. g3 d5 4.
Bg2 c5 5. cxd5 Nxd5 6. O-O Nc6 7. d4 cxd4 8. Nxd4 Nxd4 9. Qxd4 Be7 10. Qxg7 Bf6 11.
Qh6 Be5 12. Nc3 Nxc3 13. bxc3 Bxc3 14. Rb1 Qf6 15. Qxf6 Bxf6 16. Bxb7 Bxb7 17. Rxb7 O-O 18. Be3 Rfc8 19. Rc1 Rxc1+ 20. Bxc1 Rc8 21. Bh6 a5 22. a4 Bd4 23. Rb5 Bc3 24. Be3 Bb4 25. Bh6 Bc3 26. Kg2 Bb4 27. e4 f6 28. Rb7 Bf8 29. Bxf8 Kxf8 30. Rxh7 Rc4 31. Kf3 Rxa4 32. Ra7 Ra3+ 33. Kg4 Ra2 34. Kf3 Ra3+ 35. Ke2 Ra2+ 36.
Ke3 Ra3+ 37. Kf4 Ra2 38. Kf3 Ra3+ 1/2-1/2

[Event "*** SCC Grand Prix: Titled Tuesday Blitz"]
[Site "Chess.com"]
[Date "2020.06.23"]
[Round "4"]
[White "Aleksandar-Topalov"]
[Black "winniethepooh04"]
[Result "1-0"]
[WhiteElo "2366"]
[BlackElo "1198"]
[TimeControl "180+1"]
[EndTime "10:37:29 PDT"]
[Termination "Aleksandar-Topalov won by resignation"]

1. b3 Nf6 2. Bb2 g6 3. Bxf6 exf6 4. c4 Bg7 5. Nc3 f5 6. e3 O-O 7. Nge2 c6 8. g3 d5 9. cxd5 cxd5 10. d4 Nc6 11. Bg2 Be6 12. O-O a6 13. Na4 b5 14.
Nc5 Bc8 15. Rc1 Qd6 16. Qd2 h5 17. Rc2 g5 18. Rfc1 Ra7 19. Nc3 Nb4 20. Nxb5 axb5 21. Qxb4 f4 22. Qxb5 fxg3 23. hxg3 h4 24. gxh4 gxh4 25.
Ne4 dxe4 26. Rxc8 Rxa2 27. Rxf8+ Bxf8 28. Qg5+ Kh7 29. Bxe4+ Kh8 30. Qxh4+ Bh6 31. Rc8+ Kg7 32. Qg4+ Kf6 33. Qf5+ Ke7 34. Rc6 Ra1+ 35. Kg2 Qd8 36. Qf6+ Ke8 37. Qxd8+ Kxd8 38. Rxh6 1-0

[Event "*** SCC Grand Prix: Titled Tuesday Blitz"]
[Site "Chess.com"]
[Date "2020.06.23"]
[Round "4"]
[White "Gerodot71"]
[Black "2008king"]
[Result "1-0"]
[WhiteElo "2417"]
[BlackElo "2218"]
[TimeControl "180+1"]
[EndTime "10:37:35 PDT"]
[Termination "Gerodot71 won by resignation"]

1. d4 d5 2. c4 c6 3. Nf3 Nf6 4. Nc3 e6 5. e3 Nbd7 6. Be2 dxc4 7. Bxc4 b5 8. Bd3 a6 9. O-O Bb7 10. Qe2 Be7 11. Rd1 O-O 12. b3 Qc7 13. Bb2 c5 14.
Rac1 Rfd8 15. Bb1 Rac8 16. dxc5 Nxc5 17. b4 Ncd7 18. Nd5 1-0

[Event "*** SCC Grand Prix: Titled Tuesday Blitz"]
[Site "Chess.com"]
[Date "2020.06.23"]
[Round "4"]
[White "otrov-11"]
[Black "zala02"]
[Result "1-0"]
[WhiteElo "2402"]
[BlackElo "2178"]
[TimeControl "180+1"]
[EndTime "10:37:35 PDT"]
[Termination "otrov-11 won by resignation"]

1. Nf3 d5 2. c4 c6 3. d4 Nf6 4. Nc3 dxc4 5. a4 e6 6. e4 Bb4 7. Bxc4 Nxe4 8. O-O Bxc3 9. bxc3 O-O 10. Qc2 Nf6 11.
Bg5 Nbd7 12. Rfe1 b6 13. Ne5 Qc7 14. Re3 h6 15. Bf4 Nxe5 16. Bxe5 Qe7 17. Rg3 Nh5 18.
Rh3 Nf6 19. Re1 Bb7 20. Qc1 Rad8 21. Rxh6 gxh6 22. Qxh6 Rfe8 23. Bxf6 Qf8 24. Qg5+ Kh7 25. Re3 1-0

[Event "*** SCC Grand Prix: Titled Tuesday Blitz"]
[Site "Chess.com"]
[Date "2020.06.23"]
[Round "4"]
[White "Dedic8"]
[Black "OparinGrigoriy"]
[Result "1-0"]
[WhiteElo "2773"]
[BlackElo "2899"]
[TimeControl "180+1"]
[EndTime "10:37:36 PDT"]
[Termination "Dedic8 won by resignation"]

1. e4 c5 2. Nf3 d6 3. d4 cxd4 4. Nxd4 Nf6 5. Nc3 a6 6. h3 e5 7. Nde2 b5 8. Ng3 Bb7 9. Bg5 Nbd7 10. Nh5 h6 11. Nxf6+ Nxf6 12. Bxf6 Qxf6 13. a4 bxa4 14.
Rxa4 Be7 15. Qa1 O-O 16. Bxa6 Bc6 17. Bb5 Rxa4 18. Qxa4 Ra8 19. Qc4 Ra1+ 20. Nd1 Bxb5 21. Qxb5 Qg6 22. O-O Qxe4 23. Ne3 Ra8 24. Qd5 Qa4 25. Nf5 Bf8 26. Nxd6 Bxd6 27. Qxd6 Qxc2 28. Qxe5 Ra2 29. b4 Rb2 30. b5 Qc4 31. Qxb2 1-0

[Event "*** SCC Grand Prix: Titled Tuesday Blitz"]
[Site "Chess.com"]
[Date "2020.06.23"]
[Round "4"]
[White "Falia-p"]
[Black "Yuri202062"]
[Result "0-1"]
[WhiteElo "2235"]
[BlackElo "2424"]
[TimeControl "180+1"]
[EndTime "10:37:36 PDT"]
[Termination "Yuri202062 won by resignation"]

1. e4 c5 2. Nf3 e6 3. d4 cxd4 4.
Nxd4 a6 5. Bd3 Nf6 6. O-O d6 7. c4 g6 8. Nc3 Bg7 9. Nf3 O-O 10. Bf4 Ng4 11. h3 Ne5 12. Nxe5 dxe5 13. Be3 Nc6 14.
Ne2 Bd7 15. c5 Qe7 16. Rc1 Rfd8 17. Qb3 Rab8 18. f4 exf4 19. Bxf4 Ne5 20. Bb1 Bb5 21. Qe3 Rd7 22. Rfd1 Rbd8 23. Rxd7 Rxd7 24. Nd4 Rxd4 25.
Qxd4 Nf3+ 0-1

[Event "*** SCC Grand Prix: Titled Tuesday Blitz"]
[Site "Chess.com"]
[Date "2020.06.23"]
[Round "4"]
[White "2007checkmate"]
[Black "MarcoRiehle"]
[Result "0-1"]
[WhiteElo "2448"]
[BlackElo "2695"]
[TimeControl "180+1"]
[EndTime "10:37:40 PDT"]
[Termination "MarcoRiehle won by resignation"]

1. Nc3 e5 2. Nf3 Nc6 3. d4 exd4 4. Nxd4 Nf6 5. g3 Bb4 6. Nxc6 bxc6 7. Qd4 Qe7 8. Bg5 d5 9. Bxf6 gxf6 10. O-O-O Be6 11. e4 Bc5 12. Qd2 d4 13. Na4 Bb6 14. a3 c5 15.
Bb5+ Bd7 16. Bxd7+ Qxd7 17. Nxb6 axb6 18. Qf4 Qe7 19.
Rhe1 Qe5 20. Qd2 O-O-O 21. f4 Qe6 22. e5 Qa2 23. Qg2 Kb8 24. b3 d3 25. a4 d2+ 0-1

[Event "*** SCC Grand Prix: Titled Tuesday Blitz"]
[Site "Chess.com"]
[Date "2020.06.23"]
[Round "4"]
[White "Cubitas"]
[Black "rasmussvane"]
[Result "0-1"]
[WhiteElo "2553"]
[BlackElo "2890"]
[TimeControl "180+1"]
[EndTime "10:37:43 PDT"]
[Termination "rasmussvane won by resignation"]

1. e4 c6 2. d4 d5 3. e5 Bf5 4. Ne2 e6 5. Ng3 Bg6 6. h4 h5 7. Be2 c5 8. c3 Nc6 9. a3 cxd4 10. cxd4 Qb6 11. Bxh5 Bxh5 12. Nxh5 Qxd4 13. Ng3 Qxd1+ 14. Kxd1 Nxe5 15. Bf4 Nd3 16. Be3 Nxb2+ 17. Ke2 Nc4 18. Nd2 Nxe3 19. fxe3 Bd6 20. Ngf1 Nf6 21. a4 Rc8 22.
Rb1 b6 23. Kf3 Nd7 24. h5 Ne5+ 25. Ke2 Kd7 26. Rh4 g6 27. h6 Rh7 28. a5 bxa5 29. Rb7+ Rc7 30. Rb8 Be7 31. Ra4 Rxh6 32. Rxa5 Nc6 0-1

[Event "*** SCC Grand Prix: Titled Tuesday Blitz"]
[Site "Chess.com"]
[Date "2020.06.23"]
[Round "4"]
[White "Lion-Al-Messi"]
[Black "Eliwood44"]
[Result "1-0"]
[WhiteElo "2457"]
[BlackElo "2299"]
[TimeControl "180+1"]
[EndTime "10:37:43 PDT"]
[Termination "Lion-Al-Messi won by resignation"]

1. e4 e5 2. Nf3 Nc6 3. Bb5 a6 4.
Ba4 Nf6 5. O-O Be7 6. Qe2 b5 7. Bb3 O-O 8. c3 d5 9. d3 Bb7 10. Rd1 Re8 11. Nbd2 Bc5 12. Nf1 Na5 13. Bc2 Qe7 14.
Ng3 Rad8 15. Nf5 Qf8 16. Bg5 dxe4 17. dxe4 Rxd1+ 18. Rxd1 Ng4 19. Bh4 g6 20. b4 gxf5 21. bxc5 Qxc5 22. h3 Nh6 23. exf5 e4 24. Nd4 Nc6 25. Qh5 Nxd4 26. Qg5+ Kh8 27. Qxh6 Nxf5 28. Bf6+ Kg8 29. Qg5+ Kf8 30. Bg7+ Kg8 31. Bd4+ 1-0

[Event "*** SCC Grand Prix: Titled Tuesday Blitz"]
[Site "Chess.com"]
[Date "2020.06.23"]
[Round "4"]
[White "cassoulet"]
[Black "DraG0s3L"]
[Result "1-0"]
[WhiteElo "2653"]
[BlackElo "2466"]
[TimeControl "180+1"]
[EndTime "10:37:44 PDT"]
[Termination "cassoulet won by checkmate"]

1. e4 e6 2. d3 d5 3. Nd2 c5 4. g3 Nc6 5. Bg2 Nf6 6. Ngf3 b5 7. O-O Bb7 8. c3 Be7 9. Qe2 O-O 10. Re1 Nd7 11. Nf1 Bf6 12. Bf4 a5 13. e5 Be7 14. h4 a4 15. N1h2 b4 16. c4 Nb6 17.
Rac1 dxc4 18. dxc4 Qc7 19. Ng4 Rfd8 20. h5 Na5 21. h6 g6 22. Ng5 Bxg2 23. Kxg2 Rd4 24. Be3 Rxc4 25. Qf3 Bf8 26. Nf6+ Kh8 27. Nfxh7 Bxh6 28. Nxf7+ Kxh7 29. Rh1 Kg8 30. Nxh6+ Kg7 31. Qf6+ Kh7 32.
Nf7+ Kg8 33. Rh8# 1-0

[Event "*** SCC Grand Prix: Titled Tuesday Blitz"]
[Site "Chess.com"]
[Date "2020.06.23"]
[Round "4"]
[White "m-garcett"]
[Black "davigator"]
[Result "0-1"]
[WhiteElo "2049"]
[BlackElo "2303"]
[TimeControl "180+1"]
[EndTime "10:37:44 PDT"]
[Termination "davigator won by resignation"]

1. e4 c5 2. Nf3 Nc6 3. d4 cxd4 4. Nxd4 Nf6 5. Nc3 d6 6. Bg5 a6 7. f4 e6 8. Qd2 Bd7 9. O-O-O h6 10. Bh4 g5 11. fxg5 Ng4 12. Kb1 Be7 13. h3 Nge5 14. Nxc6 Bxc6 15. Be2 hxg5 16. Bg3 Qc7 17. Bxe5 dxe5 18.
Rhf1 b5 19. a3 Rd8 20. Qe3 Rxd1+ 21. Rxd1 Qb7 22. Bg4 a5 23. Rf1 b4 24. axb4 axb4 25.
Na4 Bxa4 26. Qf3 Rh7 27. Bh5 Bd8 28. h4 Bc6 29. hxg5 Bxe4 30. Qf2 Bxg5 31. Bg4 b3 32. Bd1 Qc7 0-1